 Dungeon Crawl Stone Soup version 0.30-a0-7-g94fe547ab8 (webtiles) character file.

Game seed: 7215150738855361466

15 Plasmagod the Vexing (level 2, -1/16 HPs)
             Began as a Deep Elf Arcane Marksman on Aug 23, 2022.
             Slain by a kobold
             ... wielding a +0 dagger
              (3 damage)
             ... on level 1 of the Dungeon.
             The game lasted 00:00:50 (516 turns).

Plasmagod the Vexing (Deep Elf Arcane Marksman)      Turns: 516, Time: 00:00:51

Health: -1/16      AC:  2    Str:  7    XL:     2   Next: 34%
Magic:  6/7        EV: 13    Int: 17    God:
Gold:   44         SH:  0    Dex: 15    Spells: 4/5 levels left

rFire   . . .      SeeInvis .    a - +1 sling
rCold   . . .      Faith    .    (no shield)
rNeg    . . .      Spirit   .    c - +0 robe
rPois   .          Reflect  .    (no helmet)
rElec   .          Harm     .    (no cloak)
rCorr   .          Rampage  .    (no gloves)
Will    .....                    (no boots)
Stlth   +.........               (no amulet)
HPRegen 0.05/turn                (no ring)
MPRegen 0.10/turn                (no ring)

@: no status effects
A: no striking features
a: no special abilities


You were on level 1 of the Dungeon.
You visited 1 branch of the dungeon, and saw 1 of its levels.

You collected 44 gold pieces.

Inventory:

Hand Weapons
 a - a +1 sling (weapon)
Armour
 c - a +0 robe (worn)
Scrolls
 b - a scroll of poison
 d - a scroll of amnesia {unknown}
Potions
 e - a potion of curing {unknown}
 f - a potion of magic {unknown}


   Skills:
 + Level 1.0 Fighting
 + Level 3.0 Ranged Weapons
 + Level 2.7 Dodging
 + Level 2.0 Spellcasting
 + Level 4.2 Hexes


You had 4 spell levels left.
You knew the following spells:

 Your Spells              Type           Power      Damage    Failure   Level
a - Slow                  Hex            64%        N/A       3%          1

Your spell library contained the following spells:

 Spells                   Type           Power      Damage    Failure   Level
 Inner Flame              Hex/Fire       8%         N/A       24%         3
 Portal Projectile        Hex/Tloc       16%        N/A       24%         3
 Cause Fear               Hex            8%         N/A       32%         4


Dungeon Overview and Level Annotations

Branches:
Dungeon (1/15)

Altars:


Message History

You shoot a sling bullet.
The sling bullet closely misses the quokka.
You hear a shout!
A kobold comes into view. It is wielding a +0 dagger.
You shoot a sling bullet. The sling bullet hits the quokka.
You kill the quokka!
You shoot a sling bullet.
The sling bullet barely misses the kobold.
The sling bullet closely misses the kobold.
The kobold hits you with a +0 short sword.
You shoot a sling bullet.
The sling bullet barely misses the kobold.
The sling bullet closely misses the kobold.
The kobold closely misses you.
You shoot a sling bullet. The sling bullet hits the kobold.
The kobold is heavily wounded.
The kobold hits you but does no damage. The kobold barely misses you.
The kobold hits you with a +0 dagger.
The kobold hits you with a +0 short sword.
Casting: Slow (safe; 3% risk of failure)
Confirm with . or Enter, or press ? or * to list all spells.
Aiming: Slow (safe; 3% risk of failure)
Press: ? - help, Shift-Dir - straight line, f - kobold, p - kobold
Aim: a kobold, wielding a +0 dagger (chance to affect: 72%)
The kobold seems to slow down.
The kobold hits you with a +0 short sword.
The kobold attacks as you move away!
The kobold hits you with a +0 short sword.
* * * LOW HITPOINT WARNING * * *
You are too injured to fight recklessly!
You are too injured to fight recklessly!
Fire: a) +1 sling
Press: ? - help, Q - select action, (/) - cycle Shift-Dir - straight line, f/p - kobold
Aim: a kobold, wielding a +0 dagger (slow, 50% to hit)
You shoot a sling bullet.
The sling bullet hits the kobold but does no damage.
The kobold hits you with a +0 short sword.
* * * LOW HITPOINT WARNING * * *
The kobold hits you with a +0 dagger.
You die...

... #...# ...##...##.
........... ........
############# ......
............. #...#
(.####.#.####. #...#
....##.#.# #† ...
#.K@#..........# #.
....###.K.#...####.#.####.
...)...?...........#.....)
..).......#..#######.####.
..........................
....#####.#...........###.
#.. ##.#..#######.## #.
#...####......... ##.####.
#............##.# ........


You could see 2 kobolds.

Vanquished Creatures
  A dart slug (D:1)
  An endoplasm (D:1)
  4 goblins (D:1)
  2 quokkas (D:1)
  A ball python (D:1)
  A frilled lizard (D:1)
  A kobold (D:1)
  A rat (D:1)
12 creatures vanquished.

Notes
Turn   | Place    | Note
-------+----------+-------------------------------------------
     0 | D:1      | Plasmagod the Deep Elf Arcane Marksman began the quest for
                  | the Orb.
     0 | D:1      | Reached XP level 1. HP: 11/11 MP: 5/5
   260 | D:1      | Reached skill level 1 in Fighting
   278 | D:1      | Reached XP level 2. HP: 16/16 MP: 6/6
   516 | D:1      | Slain by a kobold

Illustrated notes

Levels and vault maps discovered:
D:1:      lightli_molten_gateway, layout_basic

Skill      XL: |  1  2 |
---------------+-------+-----
Fighting       | 1 |  1.0
Ranged Weapons | 3 |  3.0
Spellcasting   | 2 |  2.0
Dodging        | |  2.7
Hexes          | |  4.2

Action                   || total
-------------------------++-------
 Fire: Sling             ||    37
 Cast: Slow              ||     1
Armor: Robe              ||     2
Dodge: Dodged            ||     3

Table legend: (Time is in decaauts)
 A = Elapsed time spent in this place.
 B = Non-inter-level travel time spent in this place.
 C = Inter-level travel time spent in this place.
 D = Time resting spent in this place.
 E = Time spent auto-exploring this place.
 F = Levels seen in this place.
 G = Mean time per level.
                   A        B        C        D        E       F      G
               +--------+--------+--------+--------+--------+-----+--------+
         Total |    525 |    525 |      0 |      0 |    460 |   1 |  525.0 |
       Dungeon |    525 |    525 |      0 |      0 |    460 |   1 |  525.0 |
               +--------+--------+--------+--------+--------+-----+--------+

Top non-repeatable levels by time:
     D:1: 525 daAuts
